3A
BELLEVILLE BULLS @ IDAHO FALLS CHUKARS
07/19/2024
 
TOP OF THE 1ST
Belleville Bulls batting - Pitching for Idaho Falls Chukars : RHP Shotaro Sugahara
Pitching: RHP Shotaro Sugahara
Batting: RHB Vincente Fuentes 0-0: Foul Ball, location: 2F
0-1: Called Strike
0-2: Fly out, F2 (Popup, 2RF)
Batting: RHB Wei-qiang Mo 0-0: Ball
1-0: Called Strike
1-1: Ball
2-1: Foul Ball, location: 2F
2-2: Ball
3-2: Foul Ball, location: 2F
3-2: Strikes out looking
Batting: LHB Manuel Sánchez 0-0: Ball
1-0: Swinging Strike
1-1: Foul Ball, location: 2F
1-2: Ball
2-2: Fly out, F9 (Line Drive, 89D)
Top of the 1st over - 0 run(s), 0 hit(s), 0 error(s), 0 left on base; Belleville 0 - Idaho Falls 0
BOTTOM OF THE 1ST
Idaho Falls Chukars batting - Pitching for Belleville Bulls : RHP Gonzalo Ruíz
Pitching: RHP Gonzalo Ruíz
Batting: RHB Daryl Moran 0-0: Called Strike
0-1: Ball
1-1: Ball
2-1: Foul Ball, location: 2F
2-2: Strikes out swinging
Batting: LHB Frank Sharp 0-0: SINGLE (Line Drive, 89S)
Batting: RHB Tan Bal 0-0: Called Strike
0-1: Ball
1-1: Swinging Strike
1-2: Foul Ball, location: 2F
1-2: Strikes out swinging
Batting: SHB Pablo Coloa 0-0: Ball
Frank Sharp steals 2nd base
1-0: Foul Ball, location: 2F
1-1: Ball
2-1: Foul Ball, location: 2F
2-2: Fly out, F8 (Flyball, 8LS)
Bottom of the 1st over - 0 run(s), 1 hit(s), 0 error(s), 1 left on base; Belleville 0 - Idaho Falls 0
TOP OF THE 2ND
Belleville Bulls batting - Pitching for Idaho Falls Chukars : RHP Shotaro Sugahara
Now in RF: Daryl Moran
Batting: SHB Martín Marrero 0-0: Ball
1-0: Ball
2-0: Ball
3-0: Called Strike
3-1: Called Strike
3-2: DOUBLE (Line Drive, 9LS)
Batting: RHB Duane Wills 0-0: Ball
1-0: Ball
2-0: Ball
3-0: Base on Balls
Batting: RHB Warren Martin 0-0: Ball
1-0: Swinging Strike
1-1: Ball
2-1: Called Strike
2-2: Fly out, F8 (Flyball, 8RS)
Batting: LHB Jesús Mancía 0-0: Swinging Strike
0-1: Called Strike
0-2: Foul Ball, location: 2F
0-2: Grounds into double play, 1-4-3 (Groundball, 15)
Top of the 2nd over - 0 run(s), 1 hit(s), 0 error(s), 1 left on base; Belleville 0 - Idaho Falls 0
BOTTOM OF THE 2ND
Idaho Falls Chukars batting - Pitching for Belleville Bulls : RHP Gonzalo Ruíz
Batting: RHB Michael Bradshaw 0-0: Called Strike
0-1: Ball
1-1: Called Strike
1-2: Foul Ball, location: 2F
1-2: Ball
2-2: Foul Ball, location: 2F
2-2: Ground out U3 (Groundball, 3S)
Batting: LHB Armando Peña 0-0: Ball
1-0: TRIPLE (Flyball, 89M)
Batting: RHB Scott Ramsey 0-0: Swinging Strike
0-1: Foul Ball, location: 2F
0-2: Ball
1-2: Ball
2-2: Fly out, F7 (Flyball, 7M)
Runner from 3rd tags up, SCORES, no throw
Batting: SHB Félix Medina 0-0: Called Strike
0-1: Called Strike
0-2: Strikes out swinging
Bottom of the 2nd over - 1 run(s), 1 hit(s), 0 error(s), 0 left on base; Belleville 0 - Idaho Falls 1
TOP OF THE 3RD
Belleville Bulls batting - Pitching for Idaho Falls Chukars : RHP Shotaro Sugahara
Batting: RHB Alfredo Cardenas 0-0: Fly out, F7 (Flyball, 7M)
Batting: SHB Tristan Shanks 0-0: Swinging Strike
0-1: Called Strike
0-2: Fly out, F9 (Line Drive, 89S)
Batting: RHB Vincente Fuentes 0-0: Ball
1-0: Called Strike
1-1: Ball
2-1: Foul Ball, location: 2F
2-2: Strikes out swinging
Top of the 3rd over - 0 run(s), 0 hit(s), 0 error(s), 0 left on base; Belleville 0 - Idaho Falls 1
BOTTOM OF THE 3RD
Idaho Falls Chukars batting - Pitching for Belleville Bulls : RHP Gonzalo Ruíz
Batting: RHB Jonah Cooney 0-0: Fly out, F7 (Popup, 56D)
Batting: RHB Daryl Moran 0-0: Swinging Strike
0-1: Ball
1-1: Fly out, F7 (Flyball, 7M)
Batting: LHB Frank Sharp 0-0: Called Strike
0-1: Ball
1-1: Foul Ball, location: 2F
1-2: Foul Ball, location: 2F
1-2: Strikes out looking
Bottom of the 3rd over - 0 run(s), 0 hit(s), 0 error(s), 0 left on base; Belleville 0 - Idaho Falls 1
TOP OF THE 4TH
Belleville Bulls batting - Pitching for Idaho Falls Chukars : RHP Shotaro Sugahara
Batting: RHB Wei-qiang Mo 0-0: Foul Ball, location: 2F
0-1: Fly out, F6 (Line Drive, 6M)
Batting: LHB Manuel Sánchez 0-0: Ball
1-0: Foul Ball, location: 2F
1-1: Foul Ball, location: 2F
1-2: Foul Ball, location: 2F
1-2: Strikes out looking
Batting: SHB Martín Marrero 0-0: Ball
1-0: Foul Ball, location: 2F
1-1: Called Strike
1-2: Strikes out swinging
Top of the 4th over - 0 run(s), 0 hit(s), 0 error(s), 0 left on base; Belleville 0 - Idaho Falls 1
BOTTOM OF THE 4TH
Idaho Falls Chukars batting - Pitching for Belleville Bulls : RHP Gonzalo Ruíz
Batting: RHB Tan Bal 0-0: Called Strike
0-1: Ball
1-1: Foul Ball, location: 2F
1-2: Ground out 6-3 (Groundball, 6M)
Batting: SHB Pablo Coloa 0-0: Ground out 4-3 (Groundball, 4)
Batting: RHB Michael Bradshaw 0-0: SINGLE (Line Drive, 4MD)
Batting: LHB Armando Peña 0-0: Ball
1-0: Fly out, F7 (Line Drive, 78M)
Bottom of the 4th over - 0 run(s), 1 hit(s), 0 error(s), 1 left on base; Belleville 0 - Idaho Falls 1
TOP OF THE 5TH
Belleville Bulls batting - Pitching for Idaho Falls Chukars : RHP Shotaro Sugahara
Batting: RHB Duane Wills 0-0: Foul Ball, location: 2F
0-1: Ball
1-1: Ground out 4-3 (Groundball, 4)
Batting: RHB Warren Martin 0-0: Foul Ball, location: 2F
0-1: Fly out, F3 (Line Drive, 3)
Batting: LHB Jesús Mancía 0-0: Ball
1-0: Ball
2-0: Foul Ball, location: 2F
2-1: Ball
3-1: Base on Balls
Batting: RHB Alfredo Cardenas 0-0: Foul Ball, location: 2F
0-1: Ball
1-1: Called Strike
1-2: Foul Ball, location: 2F
1-2: Strikes out swinging
Top of the 5th over - 0 run(s), 0 hit(s), 0 error(s), 1 left on base; Belleville 0 - Idaho Falls 1
BOTTOM OF THE 5TH
Idaho Falls Chukars batting - Pitching for Belleville Bulls : RHP Gonzalo Ruíz
Batting: RHB Scott Ramsey 0-0: Ball
1-0: Fly out, F6 (Line Drive, 6)
Batting: SHB Félix Medina 0-0: Called Strike
0-1: Ball
1-1: Ball
2-1: Ground out 4-3 (Groundball, 34)
Batting: RHB Jonah Cooney 0-0: Called Strike
0-1: Swinging Strike
0-2: Fly out, F8 (Flyball, 8LM)
Bottom of the 5th over - 0 run(s), 0 hit(s), 0 error(s), 0 left on base; Belleville 0 - Idaho Falls 1
TOP OF THE 6TH
Belleville Bulls batting - Pitching for Idaho Falls Chukars : RHP Shotaro Sugahara
Batting: SHB Tristan Shanks 0-0: Ball
1-0: Fly out, F7 (Line Drive, 7LM)
Batting: RHB Vincente Fuentes 0-0: Fly out, F9 (Popup, 8RS)
Batting: RHB Wei-qiang Mo 0-0: Ground out 5-3 (Groundball, 56)
Top of the 6th over - 0 run(s), 0 hit(s), 0 error(s), 0 left on base; Belleville 0 - Idaho Falls 1
BOTTOM OF THE 6TH
Idaho Falls Chukars batting - Pitching for Belleville Bulls : RHP Gonzalo Ruíz
Batting: RHB Daryl Moran 0-0: Ball
1-0: Ball
2-0: Ball
3-0: Foul Ball, location: 2F
3-1: SINGLE (Line Drive, 6D)
Batting: LHB Frank Sharp 0-0: Sac Bunt - play at second, runner OUT! 1-6
Batting: RHB Tan Bal 0-0: Called Strike
0-1: Ball
1-1: Ball
Frank Sharp steals 2nd base
2-1: Ground out 4-3 (Groundball, 34)
Frank Sharp to third
Batting: SHB Pablo Coloa 0-0: Called Strike
0-1: Called Strike
0-2: DOUBLE (Flyball, 8LXD)
Frank Sharp scores
Batting: RHB Michael Bradshaw 0-0: Ball
1-0: Reached on error, E3 (Groundball, 3S)
Pablo Coloa to third
Batting: LHB Armando Peña 0-0: Ball
Michael Bradshaw is caught stealing 2nd base
Bottom of the 6th over - 1 run(s), 2 hit(s), 1 error(s), 0 left on base; Belleville 0 - Idaho Falls 2
TOP OF THE 7TH
Belleville Bulls batting - Pitching for Idaho Falls Chukars : RHP Shotaro Sugahara
Batting: LHB Manuel Sánchez 0-0: Ball
1-0: Called Strike
1-1: Called Strike
1-2: Foul Ball, location: 2F
1-2: Reached on error, E4 (Groundball, 4)
Batting: SHB Martín Marrero Pickoff Throw to First - Out!
0-0: Ball
1-0: Foul Ball, location: 2F
1-1: Ball
2-1: SINGLE (Groundball, 56D)
Batting: RHB Duane Wills 0-0: Swinging Strike
0-1: Foul Ball, location: 2F
0-2: Grounds into double play, U4-3 (Groundball, 4)
Top of the 7th over - 0 run(s), 1 hit(s), 1 error(s), 0 left on base; Belleville 0 - Idaho Falls 2
BOTTOM OF THE 7TH
Idaho Falls Chukars batting - Pitching for Belleville Bulls : RHP Gonzalo Ruíz
Batting: LHB Armando Peña 0-0: Swinging Strike
0-1: Ball
1-1: Called Strike
1-2: Fly out, F8 (Flyball, 8RXD)
Batting: RHB Scott Ramsey 0-0: Swinging Strike
0-1: Fly out, F7 (Flyball, 7D)
Batting: SHB Félix Medina 0-0: Called Strike
0-1: Foul Ball, location: 2F
0-2: Ball
1-2: Ball
2-2: Ball
3-2: Ground out 4-3 (Groundball, 4)
Bottom of the 7th over - 0 run(s), 0 hit(s), 0 error(s), 0 left on base; Belleville 0 - Idaho Falls 2
TOP OF THE 8TH
Belleville Bulls batting - Pitching for Idaho Falls Chukars : RHP Shotaro Sugahara
Batting: RHB Warren Martin 0-0: Foul Ball, location: 2F
0-1: Called Strike
0-2: Ball
1-2: Strikes out swinging
Batting: LHB Jesús Mancía 0-0: Called Strike
0-1: Called Strike
0-2: Foul Ball, location: 2F
0-2: Ball
1-2: Fly out, F7 (Flyball, 7LMF)
Batting: RHB Alfredo Cardenas 0-0: Ball
1-0: SINGLE (Line Drive, 7LS)
Pitching: LHP Bastião Shwerin
Batting: SHB Tristan Shanks 0-0: Ball
1-0: Ball
2-0: Called Strike
2-1: 2-RUN HOME RUN (Flyball, 7LD), Distance : 369 ft
Batting: RHB Vincente Fuentes 0-0: Called Strike
0-1: Fly out, F4 (Popup, 4D)
Top of the 8th over - 2 run(s), 2 hit(s), 0 error(s), 0 left on base; Belleville 2 - Idaho Falls 2
BOTTOM OF THE 8TH
Idaho Falls Chukars batting - Pitching for Belleville Bulls : RHP Gonzalo Ruíz
Batting: RHB Jonah Cooney 0-0: SINGLE (Line Drive, 7S)
Batting: RHB Daryl Moran 0-0: Sac Bunt - play at second, runner OUT! 1-6
Batting: LHB Frank Sharp 0-0: Ball
1-0: Called Strike
1-1: Swinging Strike
1-2: Fly out, F4 (Line Drive, 4)
Batting: RHB Tan Bal 0-0: Ball
1-0: Ball
2-0: Foul Ball, location: 2F
2-1: Swinging Strike
2-2: Ball
3-2: Base on Balls
Daryl Moran to second
Pinch Runner at 2nd Orlando Casillas:
Batting: SHB Pablo Coloa 0-0: Ball
1-0: Ground out 4-3 (Groundball, 4)
Bottom of the 8th over - 0 run(s), 1 hit(s), 0 error(s), 2 left on base; Belleville 2 - Idaho Falls 2
TOP OF THE 9TH
Belleville Bulls batting - Pitching for Idaho Falls Chukars : LHP Bastião Shwerin
Pitching: LHP An Jang-Yop
Now in RF: Christian Gentry
Batting: RHB Wei-qiang Mo 0-0: Called Strike
0-1: Ball
1-1: Ground out 1-3 (Groundball, 13S)
Pinch Hitting: RHB Jim Unknown 0-0: Ball
1-0: Called Strike
1-1: Swinging Strike
1-2: Strikes out swinging
Pinch Hitting: RHB Brandon Carroll 0-0: Ball
1-0: Ball
2-0: Called Strike
2-1: Foul Ball, location: 2F
2-2: Ball
3-2: Base on Balls
Pinch Runner at 1st Gabriel López:
Pinch Hitting: RHB Eduardo Morales 0-0: Fielders Choice at 2nd, 5-4 (Groundball, 56)
Top of the 9th over - 0 run(s), 0 hit(s), 0 error(s), 0 left on base; Belleville 2 - Idaho Falls 2
BOTTOM OF THE 9TH
Idaho Falls Chukars batting - Pitching for Belleville Bulls : RHP Gonzalo Ruíz
Pitching: RHP Leão Barro
Now at C: Adriano Amicis
Now at 3B: Jaime Ramírez
Now in LF: Eduardo Morales
Pinch Hitting: RHB Rubén Hernández 0-0: Ball
1-0: Foul Ball, location: 2F
1-1: Ground out 5-3 (Groundball, 56)
Batting: LHB Armando Peña 0-0: Called Strike
0-1: Ball
1-1: Ball
2-1: Ball
3-1: Swinging Strike
3-2: SINGLE (Line Drive, 6)
Batting: RHB Scott Ramsey 0-0: Called Strike
0-1: Ball
1-1: Foul Ball, location: 2F
1-2: Foul Ball, location: 2F
1-2: Strikes out swinging
Pinch Hitting: RHB Armando Rodríguez 0-0: Foul Ball, location: 2F
0-1: Ball
1-1: Foul Ball, location: 2F
1-2: SINGLE (Flyball, 7LS)
Armando Peña to second
Pinch Hitting: RHB Lee Faught 0-0: Ball
1-0: Called Strike
1-1: Foul Ball, location: 2F
1-2: Foul Ball, location: 2F
1-2: Ball
2-2: Fly out, F4 (Popup, 3DF)
Bottom of the 9th over - 0 run(s), 2 hit(s), 0 error(s), 2 left on base; Belleville 2 - Idaho Falls 2
TOP OF THE 10TH
Belleville Bulls batting - Pitching for Idaho Falls Chukars : LHP An Jang-Yop
Now at C: Erwin Chapman
Now at 2B: Lee Faught
Now in CF: Stewart Smart
Batting: RHB Warren Martin 0-0: SINGLE (Groundball, 56D)
Batting: LHB Jesús Mancía 0-0: Sac Bunt - play at first, batter OUT! 1-4
Warren Martin to second
Batting: RHB Alfredo Cardenas 0-0: Intentional Walk
Batting: SHB Tristan Shanks 0-0: Called Strike
0-1: Called Strike
0-2: Strikes out swinging
Batting: RHB Vincente Fuentes 0-0: Called Strike
0-1: Ball
1-1: Foul Ball, location: 2F
1-2: Ball
2-2: Fielders Choice at 2nd, 6-4 (Groundball, 6)
Top of the 10th over - 0 run(s), 1 hit(s), 0 error(s), 1 left on base; Belleville 2 - Idaho Falls 2
BOTTOM OF THE 10TH
Idaho Falls Chukars batting - Pitching for Belleville Bulls : RHP Leão Barro
Pinch Hitting: RHB Jim Unknown 0-0: Swinging Strike
0-1: Swinging Strike
0-2: Ground out 5-3 (Groundball, 5)
Batting: LHB Frank Sharp 0-0: Foul Ball, location: 2F
0-1: Called Strike
0-2: Fly out, F7 (Flyball, 7LM)
Batting: RHB Tan Bal 0-0: Called Strike
0-1: Ball
1-1: Ball
2-1: Ball
3-1: Base on Balls
Batting: SHB Pablo Coloa 0-0: Called Strike
0-1: Ball
1-1: Ball
2-1: Ball
3-1: Called Strike
3-2: Fly out, F9 (Flyball, 9M)
Bottom of the 10th over - 0 run(s), 0 hit(s), 0 error(s), 1 left on base; Belleville 2 - Idaho Falls 2
TOP OF THE 11TH
Belleville Bulls batting - Pitching for Idaho Falls Chukars : LHP An Jang-Yop
Pitching: RHP Rick Kennedy
Now in LF: Leon Carlisle
Batting: RHB Wei-qiang Mo 0-0: Called Strike
0-1: Swinging Strike
0-2: DOUBLE (Line Drive, 7LM)
Pinch Hitting: LHB Tommy Sullivan 0-0: Intentional Walk
Pinch Hitting: LHB Jim Unknown 0-0: Ball
1-0: Swinging Strike
1-1: Swinging Strike
1-2: Foul Ball, location: 2F
1-2: Foul Ball, location: 2F
1-2: Foul Ball, location: 2F
1-2: Foul Ball, location: 2F
1-2: Ball
2-2: Ball
3-2: Fly out, F7 (Flyball, 7M)
Batting: RHB Eduardo Morales 0-0: Ball
1-0: Swinging Strike
1-1: Ball
2-1: Swinging Strike
2-2: Strikes out looking
Batting: RHB Warren Martin 0-0: Called Strike
0-1: Ball
1-1: Swinging Strike
1-2: Ball
2-2: Foul Ball, location: 2F
2-2: Foul Ball, location: 2F
2-2: Strikes out swinging
Top of the 11th over - 0 run(s), 1 hit(s), 0 error(s), 2 left on base; Belleville 2 - Idaho Falls 2
BOTTOM OF THE 11TH
Idaho Falls Chukars batting - Pitching for Belleville Bulls : RHP Leão Barro
Now at C: Juan González
Now at 1B: Tommy Sullivan
Batting: RHB Erwin Chapman 0-0: Ball
1-0: Swinging Strike
1-1: Foul Ball, location: 2F
1-2: Fly out, F8 (Flyball, 8RM)
Batting: LHB Armando Peña 0-0: Called Strike
0-1: Ball
1-1: Called Strike
1-2: SINGLE (Groundball, 3D)
Batting: RHB Scott Ramsey 0-0: Foul Ball, location: 2F
0-1: Ball
1-1: Ball
2-1: Called Strike
2-2: Ball
3-2: Strikes out swinging
Pitching: LHP Jorge Peralta
Batting: SHB Stewart Smart 0-0: Called Strike
0-1: Ball
1-1: SINGLE (Flyball, 78S)
Armando Peña to second
Batting: RHB Lee Faught 0-0: Called Strike
0-1: Swinging Strike
0-2: Ball
1-2: Foul Ball, location: 2F
1-2: Strikes out looking
Bottom of the 11th over - 0 run(s), 2 hit(s), 0 error(s), 2 left on base; Belleville 2 - Idaho Falls 2
TOP OF THE 12TH
Belleville Bulls batting - Pitching for Idaho Falls Chukars : RHP Rick Kennedy
Pinch Hitting: RHB Markus Thompson 0-0: Fly out, F9 (Line Drive, 9S)
Batting: RHB Alfredo Cardenas 0-0: Called Strike
0-1: Ball
1-1: Foul Ball, location: 2F
1-2: Ball
2-2: Strikes out swinging
Batting: SHB Tristan Shanks 0-0: Swinging Strike
0-1: Swinging Strike
0-2: Foul Ball, location: 2F
0-2: Strikes out looking
Top of the 12th over - 0 run(s), 0 hit(s), 0 error(s), 0 left on base; Belleville 2 - Idaho Falls 2
BOTTOM OF THE 12TH
Idaho Falls Chukars batting - Pitching for Belleville Bulls : LHP Jorge Peralta
Now at 3B: Manuel Rosales
Batting: RHB Leon Carlisle 0-0: Fly out, F8 (Flyball, 8RM)
Batting: LHB Frank Sharp 0-0: Ball
1-0: Called Strike
1-1: Swinging Strike
1-2: Ball
2-2: Ball
3-2: Base on Balls
Batting: RHB Tan Bal 0-0: Ball
1-0: SINGLE (Groundball, 23) (infield hit)
Frank Sharp to second
Batting: SHB Pablo Coloa 0-0: Called Strike
Frank Sharp steals 3rd base
Tan Bal to second
0-1: Intentional Walk
Batting: RHB Erwin Chapman 0-0: Called Strike
0-1: Foul Ball, location: 2F
0-2: Fly out, F6 (Line Drive, 6)
Batting: LHB Armando Peña 0-0: Called Strike
0-1: Ball
1-1: Ball
2-1: SINGLE (Groundball, 34D)
Frank Sharp scores
This league is powered by Out of the Park Baseball, the baseball management simulation game for PC, Mac and Linux
Monday, October 3rd, 2016 - OOTP Baseball 16.9 Build 39